 Dungeon Crawl Stone Soup version 0.27-a0-1384-g1422d76b99 (webtiles) character file.

Game seed: 14498254024978364546

109 wesbby the Bolt Thrower (level 4, -2/38 HPs)
             Began as a Minotaur Hunter on June 30, 2021.
             Was a Believer of Trog.
             Slain by a sky beast (5 damage)
             ... on level 3 of the Dungeon.
             The game lasted 00:06:02 (2370 turns).

wesbby the Bolt Thrower (Minotaur Hunter)           Turns: 2370, Time: 00:06:05

Health: -2/38      AC:  3    Str: 14 (17) XL:     4   Next: 59%
Magic:  3/3        EV: 11    Int:  7 (8)  God:    Trog [**....]
Gold:   48         SH:  0    Dex:  9 (11) Spells: 3/3 levels left

rFire    . . .     SeeInvis .   a - +1 hand crossbow
rCold    . . .     Faith    .   (no shield)
rNeg     . . .     Spirit   .   c - +0 leather armour
rPois    .         Reflect  .   (helmet restricted)
rElec    .         Harm     .   (no cloak)
rCorr    .         Rampage  .   (no gloves)
Will     .....                  (no boots)
Stlth    ..........             (no amulet)
HPRegen  0.12/turn              (no ring)
MPRegen  0.08/turn              (no ring)

@: silenced
A: horns 2, retaliatory headbutt
a: Renounce Religion


You were on level 3 of the Dungeon.
You worshipped Trog.
Trog was pleased with you.
You visited 1 branch of the dungeon, and saw 3 of its levels.

You collected 48 gold pieces.

Inventory:

Hand Weapons
 a - a +1 hand crossbow (weapon)
 b - a +0 short sword
Missiles
 d - 63 bolts (quivered ammo)
Armour
 c - a +0 leather armour (worn)
Jewellery
 e - a ring of ice
Scrolls
 g - a scroll of silence
 i - 2 scrolls of teleportation {unknown}
 k - a scroll of vulnerability {unknown}
 l - a scroll of immolation {unknown}
 n - a scroll of enchant weapon {unknown}
 p - a scroll of brand weapon {unknown}


   Skills:
 + Level 3.0 Fighting
 + Level 6.1 Crossbows
 + Level 1.3 Armour
 + Level 2.4 Dodging
 - Level 0.7 Stealth


You had 3 spell levels left.
You didn't know any spells.
Your spell library contained the following spells:

 Spells                   Type           Power      Damage    Failure   Level
 Beastly Appendage        Tmut           0%         N/A       50%         1
 Wereblood                Tmut           0%         N/A       65%         2
 Spider Form              Tmut/Pois      0%         N/A       86%         3
 Ice Form                 Ice/Tmut       0%         N/A       99%         4


Dungeon Overview and Level Annotations

Branches:
Dungeon (3/15)

Altars:
Trog


Innate Abilities, Weirdness & Mutations

You have a pair of horns on your head.
You reflexively headbutt those who attack you in melee.


Message History

You clumsily bash something but do no damage.
Your transformation is almost over.
Something hits you.
* * * LOW HITPOINT WARNING * * *
Something shocks you.
* * * LOW HITPOINT WARNING * * *
Something hits you but does no damage.
You cannot move.
You cannot move.
You cannot move.
You miss something. Something hits you but does no damage.
You cannot move.
You cannot move.
You cannot move.
You cannot move.
You cannot move.
You cannot move.
You cannot move.
You cannot move.
You cannot move.
You cannot move.
You cannot move.
You cannot move.
You cannot move.
You cannot move.
You cannot move.
You clumsily bash something but do no damage.
Something hits you but does no damage. x2
You clumsily bash something but do no damage.
Something hits you but does no damage.
You completely miss something.
Something hits you but does no damage. x2
You miss something. Something hits you but does no damage.
You miss something.
Something hits you but does no damage. x2
You miss something.
You feel less wooden.
Your +0 leather armour unmelds from your body.
Something hits you.
* * * LOW HITPOINT WARNING * * *
Something shocks you.
You die...

#####.# #.#
#.# #)# #.#
#.# #.# #.#
#.# #.# #.#
#.# #.###.#
#####.##..#
###
#..{@.##.##
..#
#(######.#
#.# #. #.#
#.# #( ..
#.# #.# ##
#.##.# #.#
#.##.#
#.###
#.##.#
#†#.##
#.##.#
#..#.##
##.##.#


There were no monsters in sight!

Vanquished Creatures
  2 adders (D:3)
  A worm (D:2)
  3 dart slugs
  An orc (D:3)
  6 ball pythons
  7 bats
  6 endoplasms
  9 giant cockroaches
  3 goblins
  8 hobgoblins
  4 jackals (D:3)
  3 quokkas
  3 frilled lizards
  10 kobolds
  5 rats
71 creatures vanquished.

Vanquished Creatures (others)
  A fungus (D:2)
1 creature vanquished.

Grand Total: 72 creatures vanquished

Notes
Turn   | Place    | Note
-------+----------+-------------------------------------------
     0 | D:1      | wesbby the Minotaur Hunter began the quest for the Orb.
     0 | D:1      | Reached XP level 1. HP: 18/18 MP: 0/0
   206 | D:1      | Reached XP level 2. HP: 25/25 MP: 1/1
   272 | D:1      | Reached skill level 5 in Crossbows
   633 | D:1      | Reached XP level 3. HP: 30/30 MP: 2/2
  1549 | D:2      | Found a faded altar of an unknown god.
  1552 | D:2      | Became a worshipper of Trog the Wrathful
  1552 | D:2      | Reached * piety under Trog
  1736 | D:3      | Reached skill level 1 in Armour
  1820 | D:3      | Reached XP level 4. HP: 34/37 MP: 3/3
  2073 | D:3      | Reached ** piety under Trog
  2074 | D:3      | Reached skill level 6 in Crossbows
  2335 | D:3      | Noticed a sky beast
  2370 | D:3      | Slain by a sky beast

Illustrated notes

Levels and vault maps discovered:
D:1:      evilmike_arrival_plus, layout_basic
D:2:      layout_rooms, serial_co_window_serial, co_window_of_opportunity_a,
          co_window_paths_b, co_window_of_opportunity_a, co_window_corner_a,
          co_window_paths_b, co_window_paths_b, co_window_cross_1,
          co_window_paths_a, co_window_paths_a, co_window_of_opportunity_b,
          co_window_of_opportunity_b, co_window_broadway_a, co_window_corner_ca,
          co_window_broadway_c, co_window_2corner, co_window_paths_e,
          co_window_paths_d, glass_columns_a, glass_columns_a, glass_columns_b,
          shapermc_ecumenical_altar_mp_ritualfount, minmay_tetromino_i2
D:3:      minmay_roachtagon, layout_loops_ring

Skill      XL: |  1  2  3  4 |
---------------+-------------+-----
Crossbows      | 5 6 |  6.1
Armour         | 1 |  1.3
Fighting       | 3 |  3.0
Dodging        | |  2.4
Stealth        | |  0.7

Action                   |  1- 3 |  4- 6 || total
-------------------------+-------+-------++-------
Melee: Hand crossbow     |       |    22 ||    22
 Fire: Hand crossbow     |   111 |    37 ||   148
  Use: Scroll            |       |     3 ||     3
       Potion            |       |     3 ||     3
Armor: Leather armour    |    13 |     5 ||    18
       Skin              |       |    33 ||    33
Dodge: Dodged            |    24 |     6 ||    30

Table legend: (Time is in decaauts)
 A = Elapsed time spent in this place.
 B = Non-inter-level travel time spent in this place.
 C = Inter-level travel time spent in this place.
 D = Time resting spent in this place.
 E = Time spent auto-exploring this place.
 F = Levels seen in this place.
 G = Mean time per level.
                   A        B        C        D        E       F      G
               +--------+--------+--------+--------+--------+-----+--------+
         Total |   2415 |   2384 |     31 |      0 |   2018 |   3 |  805.0 |
       Dungeon |   2415 |   2384 |     31 |      0 |   2018 |   3 |  805.0 |
               +--------+--------+--------+--------+--------+-----+--------+

Top non-repeatable levels by time:
     D:2: 960 daAuts
     D:3: 742 daAuts
     D:1: 712 daAuts
